[Event "*** Titled Tuesday Blitz"]
[Site "Chess.com"]
[Date "2021.02.02"]
[Round "5"]
[White "catzapto"]
[Black "davigator"]
[Result "0-1"]
[WhiteElo "2107"]
[BlackElo "2318"]
[TimeControl "180+1"]
[EndTime "10:57:19 PST"]
[Termination "davigator won by checkmate"]

1. e4 c5 2. Nf3 Nc6 3. c3 Nf6 4. e5 Nd5 5. d4 cxd4 6. cxd4 d6 7.
Nc3 Nxc3 8. bxc3 d5 9. Bd3 Bg4 10. h3 Bh5 11. O-O e6 12. Rb1 Rb8 13. Qa4 Be7 14. Bb5 O-O 15. Bxc6 bxc6 16. Rxb8 Qxb8 17. Qxc6 Bxf3 18. gxf3 Rc8 19. Qd7 Rc7 20. Qa4 Rxc3 21. Be3 h6 22. Kg2 g5 23. Rc1 Rxc1 24. Bxc1 Kg7 25.
Ba3 Bxa3 26. Qxa3 Qb6 27. Qe3 Qb1 28. a3 a5 29. h4 gxh4 30. Qf4 Qd3 31. Qxh4 Qxa3 32.
Qf6+ Kg8 33. Qxh6 Qe7 34. Qd2 a4 35. Kg3 a3 36. Kg4 Kg7 37. Kh5 Kg8 38. Kh6 f6 39. f4 Qh7# 0-1

[Event "*** Titled Tuesday Blitz"]
[Site "Chess.com"]
[Date "2021.02.02"]
[Round "5"]
[White "Chess2Hawks"]
[Black "AntonovaNadezhda"]
[Result "0-1"]
[WhiteElo "1796"]
[BlackElo "2166"]
[TimeControl "180+1"]
[EndTime "10:57:21 PST"]
[Termination "AntonovaNadezhda won by resignation"]

1. d4 Nf6 2. Nf3 g6 3. c4 Bg7 4. Nc3 O-O 5. e4 d6 6. Be2 e5 7. O-O Nc6 8. d5 Ne7 9. Ne1 Nd7 10. Be3 f5 11. f3 f4 12. Bf2 g5 13. Rc1 a6 14. b4 Rf6 15. c5 Rh6 16. Qc2 Qe8 17. g4 fxg3 18. Bxg3 dxc5 19. bxc5 Nxc5 20. Nd1 b6 21. Ne3 Ng6 22. Nd3 Nxd3 23. Bxd3 Nf4 24. Bxf4 exf4 25. Ng4 Bd4+ 26. Kh1 Bxg4 27. fxg4 Bc5 28.
Qe2 Qe5 29. Bxa6 Rxa6 30. Rxc5 bxc5 31. Rc1 f3 0-1

[Event "*** Titled Tuesday Blitz"]
[Site "Chess.com"]
[Date "2021.02.02"]
[Round "5"]
[White "TimofeevAr"]
[Black "Sibelephant"]
[Result "0-1"]
[WhiteElo "2862"]
[BlackElo "3060"]
[TimeControl "180+1"]
[EndTime "10:57:22 PST"]
[Termination "Sibelephant won by resignation"]

1. Nf3 d5 2. c4 d4 3. e3 Nc6 4.
exd4 Nxd4 5. Nxd4 Qxd4 6. Nc3 c6 7. Be2 Nh6 8. d3 Nf5 9. g4 Nh4 10. Be3 Ng2+ 11. Kd2 Nxe3 12. fxe3 Qd8 13. h4 g6 14. h5 Bg7 15. hxg6 fxg6 16. Qg1 Be6 17. Kc2 b5 18.
Bf3 Rc8 19. c5 b4 20. Ne4 b3+ 21. axb3 Bxb3+ 22. Kd2 O-O 23. Qg3 Bc4 24. Ra3 Rb8 25.
Rb1 Bxb2 26. Rxb2 Rxb2+ 27. Kc3 Ra2 28. Kxc4 Rxa3 29. Nc3 Qa5 0-1

[Event "*** Titled Tuesday Blitz"]
[Site "Chess.com"]
[Date "2021.02.02"]
[Round "5"]
[White "Mazanchenko_Dmitry"]
[Black "ybruned"]
[Result "1-0"]
[WhiteElo "2161"]
[BlackElo "2310"]
[TimeControl "180+1"]
[EndTime "10:57:22 PST"]
[Termination "Mazanchenko_Dmitry won by resignation"]

1. e4 b6 2. d4 Bb7 3. Nc3 e6 4. Bd3 Bb4 5. Ne2 d5 6. a3 Bxc3+ 7. Nxc3 dxe4 8. Nxe4 Nd7 9. Qf3 Ngf6 10. Nxf6+ Qxf6 11.
Qxb7 O-O 12. O-O Qxd4 13. Qe4 Qxe4 14. Bxe4 Rad8 15. Be3 Nf6 16. Bf3 c5 17. Rad1 Rc8 18.
Bg5 Rc7 19. Bxf6 gxf6 20. Rd6 f5 21. Rfd1 Kg7 22. Rd7 Rfc8 23. h4 Kg6 24. Bb7 Rxd7 25. Rxd7 Rb8 26. h5+ Kf6 27. Bf3 Rd8 28. Rxd8 1-0

[Event "*** Titled Tuesday Blitz"]
[Site "Chess.com"]
[Date "2021.02.02"]
[Round "5"]
[White "swisspower96"]
[Black "lachesisQ"]
[Result "0-1"]
[WhiteElo "2650"]
[BlackElo "3063"]
[TimeControl "180+1"]
[EndTime "10:57:24 PST"]
[Termination "lachesisQ won by resignation"]

1. d4 d5 2. c4 e5 3. dxe5 d4 4. Nf3 Nc6 5. a3 Bg4 6. Bf4 Nge7 7. Nbd2 Ng6 8. g3 f6 9. Bg2 fxe5 10. Bg5 Be7 11.
Bxe7 Qxe7 12. Ne4 O-O 13. O-O Rad8 14. Qd3 Kh8 15. b4 b6 16. Rac1 Rd7 17. c5 Nd8 18. Nfd2 Ne6 19. Rfe1 Qd8 20. Qc4 Rdf7 21. e3 dxe3 22.
fxe3 Ng5 23. Nxg5 Qxg5 24. Ne4 Qh5 25. cxb6 axb6 26. Rf1 Bf3 27. Nd2 e4 28. Nxe4 Ne5 29. Qc2 Bxg2 30. Qxg2 Nf3+ 31. Kh1 Nxh2 32. Rxf7 Nf3+ 0-1

[Event "*** Titled Tuesday Blitz"]
[Site "Chess.com"]
[Date "2021.02.02"]
[Round "5"]
[White "Philosopherrr"]
[Black "Treasurechess777"]
[Result "1-0"]
[WhiteElo "2569"]
[BlackElo "2403"]
[TimeControl "180+1"]
[EndTime "10:57:24 PST"]
[Termination "Philosopherrr won by resignation"]

1. e4 Nf6 2. e5 Nd5 3. Nc3 Nb6 4. Nf3 d5 5. d4 Bg4 6. Be3 e6 7. h3 Bh5 8. Be2 c5 9. dxc5 N6d7 10. Nb5 Nxc5 11. O-O Be7 12. c4 O-O 13. cxd5 exd5 14. Rc1 Ne6 15. Nbd4 Bg6 16. Nxe6 fxe6 17. Nd4 Bf7 18. Bg4 Qd7 19. f4 g6 20. Be2 Nc6 21. Bb5 Rfc8 22. Nxc6 bxc6 23. Ba6 Rcb8 24. b3 Rb4 25.
Qd2 Re4 26. Bd3 Rxe3 27. Qxe3 Bd8 28. Kh1 Bb6 29. Qe2 Be8 30. Ba6 h5 31. b4 Qe7 32.
a3 Bc5 33. Rxc5 1-0

[Event "*** Titled Tuesday Blitz"]
[Site "Chess.com"]
[Date "2021.02.02"]
[Round "5"]
[White "KononenkoD"]
[Black "Grammnik"]
[Result "1-0"]
[WhiteElo "2531"]
[BlackElo "2388"]
[TimeControl "180+1"]
[EndTime "10:57:26 PST"]
[Termination "KononenkoD won by resignation"]

1. d4 d5 2. c4 c6 3. cxd5 cxd5 4.
Bf4 Nc6 5. e3 Nf6 6. Nc3 Bf5 7.
Qb3 Na5 8. Qa4+ Bd7 9. Qc2 Rc8 10. Bd3 e6 11. Nge2 Be7 12. h3 O-O 13. O-O b5 14. a3 Nc4 15. Rfc1 a6 16. Ng3 h6 17. Rd1 Bc6 18. Qe2 Nd6 19. Rac1 Bb7 20. Bb1 Nde4 21.
Qd3 h5 22. f3 Nxc3 23. Rxc3 Rxc3 24. Qxc3 Qc8 25. Qd3 Qc4 26. Qd2 Rc8 27. Ne2 b4 28. Rc1 Qb3 29. Bc2 Qa2 30. axb4 Qxb2 31. Bh7+ Kxh7 32.
Qxb2 1-0

[Event "*** Titled Tuesday Blitz"]
[Site "Chess.com"]
[Date "2021.02.02"]
[Round "5"]
[White "francyIM"]
[Black "Azde"]
[Result "0-1"]
[WhiteElo "2633"]
[BlackElo "2483"]
[TimeControl "180+1"]
[EndTime "10:57:27 PST"]
[Termination "Azde won by resignation"]

1. e4 c6 2. Nf3 d5 3. Nc3 dxe4 4.
Nxe4 Nf6 5. Nxf6+ exf6 6. d4 Na6 7. c3 Nc7 8. Bd3 Bd6 9. Qc2 h5 10. Be3 O-O 11. h3 Nd5 12. O-O-O Bf4 13. Qd2 Qd6 14. Kb1 Nxe3 15. fxe3 Bg3 16. Nh2 Bxh2 17. g4 Bg3 18.
gxh5 Bh4 19. Rdg1 Bg5 20. h6 Bxh6 21. Qf2 Qe7 22. Rxg7+ Kxg7 23. Rg1+ Bg5 24. h4 Rh8 25. hxg5 fxg5 26. e4 Bd7 27. e5 Rag8 28. a3 Be6 29. c4 Kf8 30. Re1 Rh3 31. Bf1 Rh4 32. d5 cxd5 33. cxd5 Bxd5 34. e6 Bxe6 35. Ka1 Rf4 36.
Qxa7 Qf6 37. Bd3 Kg7 38. Qxb7 Rd8 39. Bb1 Rd2 40. Rh1 Rh4 41. Rg1 Rhh2 0-1

[Event "*** Titled Tuesday Blitz"]
[Site "Chess.com"]
[Date "2021.02.02"]
[Round "5"]
[White "Khnykin_Nikolay"]
[Black "losersgame"]
[Result "0-1"]
[WhiteElo "2090"]
[BlackElo "2378"]
[TimeControl "180+1"]
[EndTime "10:57:30 PST"]
[Termination "losersgame won by checkmate"]

1. d4 Nf6 2. Nc3 d5 3. Bf4 g6 4. e3 Bg7 5. Nf3 O-O 6. Bd3 Bf5 7. Bxf5 gxf5 8. Qd3 e6 9. O-O-O c5 10. dxc5 Ne4 11. Rhf1 Nd7 12. Bd6 Ndxc5 13. Bxc5 Nxc5 14. Qb5 Rc8 15. Na4 a6 16. Qb4 Ne4 17. Nd2 b5 18. Nxe4 fxe4 19.
Nc5 Qd6 20. Nd3 exd3 21. Qxd6 Rxc2+ 22. Kb1 Rxb2+ 23. Kc1 Rc8+ 24. Qc7 Rxc7# 0-1

[Event "*** Titled Tuesday Blitz"]
[Site "Chess.com"]
[Date "2021.02.02"]
[Round "5"]
[White "alejogarcia1999"]
[Black "Iskusnyh"]
[Result "0-1"]
[WhiteElo "2437"]
[BlackElo "2612"]
[TimeControl "180+1"]
[EndTime "10:57:32 PST"]
[Termination "Iskusnyh won on time"]

1. Nf3 d5 2. g3 Nf6 3. Bg2 c6 4. O-O Bf5 5. c4 e6 6. Nc3 h6 7.
d3 Be7 8. cxd5 exd5 9. Nd4 Bg6 10. e4 dxe4 11. dxe4 O-O 12. Nf5 Bxf5 13. exf5 Na6 14. Be3 Re8 15. Qb3 Qc8 16. Rac1 Bc5 17. Bxc5 Nxc5 18.
Qc2 a5 19. Nb5 Nce4 20. Nd4 Qd8 21. Rfd1 Qb6 22. b3 Rad8 0-1

[Event "*** Titled Tuesday Blitz"]
[Site "Chess.com"]
[Date "2021.02.02"]
[Round "5"]
[White "dukicz123"]
[Black "Tsyhanchuk_Stanislav"]
[Result "0-1"]
[WhiteElo "2582"]
[BlackElo "2446"]
[TimeControl "180+1"]
[EndTime "10:57:34 PST"]
[Termination "Tsyhanchuk_Stanislav won by resignation"]

1. e4 c5 2. Nf3 Nc6 3. d4 cxd4 4. Nxd4 Qb6 5. Nb3 Nf6 6. Nc3 e6 7. Qe2 Bb4 8. Bd2 O-O 9. O-O-O a5 10. a4 d5 11. exd5 exd5 12. Be3 Qd8 13. Nb5 Bf5 14. f3 Re8 15. Qf2 Rc8 16. N5d4 Nxd4 17. Nxd4 Bg6 18. g4 Qc7 19. Bd3 Bc5 20. Rhe1 Qb6 21. Bf5 Rcd8 22.
Qd2 Nd7 23. h4 Ne5 24. Qc3 Nc4 25. Bf2 Rxe1 26. Rxe1 Bb4 27. Qb3 Bxe1 28. Bxe1 Qxd4 29. Qd3 Qg1 30. Qd1 Bxf5 31. gxf5 Ne3 32. Qd2 Ng2 33. Kd1 Re8 34. Qe2 0-1

[Event "*** Titled Tuesday Blitz"]
[Site "Chess.com"]
[Date "2021.02.02"]
[Round "5"]
[White "Taabling"]
[Black "chessmadara"]
[Result "1-0"]
[WhiteElo "2327"]
[BlackElo "2138"]
[TimeControl "180+1"]
[EndTime "10:57:34 PST"]
[Termination "Taabling won by resignation"]

1. e4 c5 2. Nf3 d6 3. c3 Nf6 4. h3 g6 5. Bb5+ Bd7 6. Bd3 Bg7 7.
Bc2 Bc6 8. d3 O-O 9. O-O Na6 10.
Re1 Rc8 11. Nbd2 b5 12. Nf1 b4 13. Bd2 bxc3 14. bxc3 Nc7 15. Rb1 Nb5 16. d4 Na3 17. Rb3 Nxc2 18. Qxc2 cxd4 19. Qb1 dxc3 20. Bxc3 Ba8 21.
Bd4 a5 22. N1d2 a4 23. Rb4 Qa5 24. a3 d5 25. e5 Ne4 26. Qb2 Nxd2 27. Nxd2 Qa6 28.
e6 fxe6 29. Bxg7 Rf7 30. Bd4 Qd3 31. Nf3 1-0

[Event "*** Titled Tuesday Blitz"]
[Site "Chess.com"]
[Date "2021.02.02"]
[Round "5"]
[White "Witik"]
[Black "milenapn"]
[Result "1-0"]
[WhiteElo "2759"]
[BlackElo "2049"]
[TimeControl "180+1"]
[EndTime "10:57:39 PST"]
[Termination "Witik won by resignation"]

1. g4 d5 2. Bg2 Bxg4 3. c4 c6 4. Qb3 dxc4 5. Qxb7 Nd7 6. Bxc6 Rb8 7. Qxa7 Nf6 8. Nf3 e6 9. Ne5 Bd6 10. Nxg4 Nxg4 11. Na3 Bxa3 12. Qxa3 Qb6 13. Qd6 Qxf2+ 14. Kd1 Rd8 15. b3 f6 16. Qxe6+ Kf8 17. Ba3+ Nc5 18.
Qxg4 Kf7 19. Qh5+ g6 20. Qxc5 Rxd2+ 21. Kxd2 Rd8+ 22. Kc3 1-0

[Event "*** Titled Tuesday Blitz"]
[Site "Chess.com"]
[Date "2021.02.02"]
[Round "5"]
[White "Fluke180"]
[Black "davidkalashian"]
[Result "1-0"]
[WhiteElo "2441"]
[BlackElo "2565"]
[TimeControl "180+1"]
[EndTime "10:57:40 PST"]
[Termination "Fluke180 won on time"]

1. d4 Nf6 2. Nc3 d5 3. Bg5 Nbd7 4. Qd3 c6 5. Nf3 e6 6. e4 dxe4 7. Nxe4 Be7 8. Nxf6+ Nxf6 9. Ne5 Qa5+ 10. Bd2 Qc7 11. O-O-O O-O 12. Qh3 c5 13. Bf4 Qa5 14. Bd3 Qxa2 15. g4 g6 16. Qh6 cxd4 17. Nxg6 fxg6 18. Bxg6 Qa1+ 19. Kd2 Qa5+ 20. Ke2 Qb5+ 21. Rd3 e5 22. g5 hxg6 23. Qxg6+ Kh8 24. gxf6 Bxf6 25. Rg1 Qd7 26.
Bh6 Qh7 27. Bxf8 Bf5 28. Qxf6+ 1-0

[Event "*** Titled Tuesday Blitz"]
[Site "Chess.com"]
[Date "2021.02.02"]
[Round "5"]
[White "Camels1981"]
[Black "anon481216"]
[Result "1/2-1/2"]
[WhiteElo "2286"]
[BlackElo "2446"]
[TimeControl "180+1"]
[EndTime "10:57:41 PST"]
[Termination "Game drawn by repetition"]

1. e4 c6 2. d4 d5 3. exd5 cxd5 4. c4 Nf6 5. Nc3 Nc6 6. Bg5 e6 7. c5 Be7 8. Nf3 Ne4 9. Bxe7 Nxe7 10. Qc2 f5 11.
Bb5+ Bd7 12. Bxd7+ Qxd7 13. O-O O-O 14. Ne5 Qe8 15. f3 Nf6 16. Rfe1 Nd7 17. b4 Rf6 18. a4 Nc6 19. Nxd7 Qxd7 20. Qd2 Nxb4 21. Rab1 a5 22.
Nb5 Ra6 23. Re3 b6 24. Rc1 bxc5 25. Rxc5 Rc6 26. Rec3 Rf8 27. Rxc6 Nxc6 28. Qc2 Nb4 29. Qe2 Rc8 30. Qe5 Rxc3 31. Nxc3 Qc6 32. Ne2 Nd3 33. Qb8+ Kf7 34. h4 Qxa4 35. Qc7+ Kf6 36. Qd8+ Kf7 37. Qc7+ Kf6 38. Qd8+ Kf7 39. Qc7+ 1/2-1/2

[Event "*** Titled Tuesday Blitz"]
[Site "Chess.com"]
[Date "2021.02.02"]
[Round "5"]
[White "flexova"]
[Black "PawnEatingZombie"]
[Result "1-0"]
[WhiteElo "2419"]
[BlackElo "2233"]
[TimeControl "180+1"]
[EndTime "10:57:42 PST"]
[Termination "flexova won by resignation"]

1. e4 c6 2. d4 d5 3. e5 Bf5 4. h4 h5 5. Bd3 Bxd3 6. Qxd3 Qa5+ 7. Nd2 e6 8. c4 dxc4 9. Qxc4 Nd7 10. Nf3 Nh6 11. O-O Nf5 12. a3 Nb6 13. Qe2 Be7 14.
Ne4 Rd8 15. Rd1 O-O 16. Bg5 Bxg5 17. Nfxg5 g6 18. Nf6+ Kg7 19. Nxh5+ gxh5 20. Qxh5 Nh6 21. Rd3 Rh8 22. Rg3 Kf8 23. Rf3 Rd7 24. Nxe6+ Ke7 25. Qg5+ Kxe6 26. Rf6+ Kd5 27. e6+ 1-0

[Event "*** Titled Tuesday Blitz"]
[Site "Chess.com"]
[Date "2021.02.02"]
[Round "5"]
[White "barbara25"]
[Black "SanchezKelvin"]
[Result "0-1"]
[WhiteElo "2243"]
[BlackElo "2469"]
[TimeControl "180+1"]
[EndTime "10:57:44 PST"]
[Termination "SanchezKelvin won by resignation"]

1. e4 e5 2. Nf3 Nc6 3. d4 exd4 4. Nxd4 Qh4 5. Nc3 Bb4 6. Nxc6 Qxe4+ 7. Be2 dxc6 8. O-O Bxc3 9. bxc3 Be6 10. Rb1 Rd8 11. Qe1 b6 12. Bf3 Qc4 13. Rb4 Qc5 14.
Ba3 a5 15. Ra4 Qb5 16. Re4 Kd7 17. Qe3 Nf6 18. Rd4+ Kc8 19. c4 Qa4 20. Bb2 Rxd4 21. Bxd4 Qxc4 22. Rb1 Rd8 23. Bxb6 Nd5 24. Bxd5 Qxd5 25.
h3 Qxa2 26. Re1 cxb6 27. Qxb6 Qd5 28. Re3 Qb5 29. Qa7 Rd1+ 30. Kh2 Qb8+ 0-1

[Event "*** Titled Tuesday Blitz"]
[Site "Chess.com"]
[Date "2021.02.02"]
[Round "5"]
[White "Virgo15"]
[Black "Eloist"]
[Result "1-0"]
[WhiteElo "2604"]
[BlackElo "2355"]
[TimeControl "180+1"]
[EndTime "10:57:45 PST"]
[Termination "Virgo15 won by resignation"]

1. d4 e6 2. Nf3 Nf6 3. Bf4 d5 4.
e3 c5 5. c3 Nc6 6. Nbd2 Bd6 7.
Bg3 O-O 8. Bd3 b6 9. e4 Be7 10. e5 Nh5 11. Ng5 Bxg5 12. Qxh5 g6 13. Qe2 cxd4 14. h4 Bxd2+ 15. Qxd2 dxc3 16. bxc3 d4 17.
c4 f5 18. h5 g5 19. f4 h6 20.
fxg5 hxg5 21. h6 f4 22. h7+ Kh8 23. Bf2 Nxe5 24. Be4 Nxc4 25. Qxd4+ Qxd4 26. Bxd4+ e5 27. Bc3 Be6 28. Bxa8 Rxa8 29. O-O-O Bf5 30. Rd6 Re8 31. Rc6 b5 32. a4 Rc8 33. axb5 Rxc6 34. bxc6 Bxh7 35.
c7 Nb6 36. Bxe5+ Kg8 37. Rd1 1-0

[Event "*** Titled Tuesday Blitz"]
[Site "Chess.com"]
[Date "2021.02.02"]
[Round "5"]
[White "Kretov_Evgenij"]
[Black "Kaua18"]
[Result "1-0"]
[WhiteElo "2556"]
[BlackElo "2393"]
[TimeControl "180+1"]
[EndTime "10:57:45 PST"]
[Termination "Kretov_Evgenij won by resignation"]

1. d4 Nf6 2. c4 e6 3. Nc3 Bb4 4. Bg5 h6 5. Bh4 c5 6. d5 exd5 7. cxd5 d6 8. e3 O-O 9. Bd3 Nbd7 10. Ne2 Ne5 11. O-O Re8 12. h3 a6 13. Bc2 b5 14.
Ne4 g5 15. Nxf6+ Qxf6 16. Bg3 Bf5 17. e4 Bg6 18. f4 Nc4 19. e5 Qg7 20. f5 Ne3 21. fxg6 Nxd1 22. gxf7+ Kh8 23. fxe8=Q+ Rxe8 24. Raxd1 dxe5 25. Be4 c4 26. Bf2 Bd6 27. Ng3 Qc7 28. Kh2 b4 29. Nf5 c3 30. bxc3 bxc3 31. Nxd6 Qxd6 32. Rc1 Qb4 33. Rfe1 Rc8 34. Bg3 Qd6 35.
Bf3 Kg8 36. Rxe5 Qa3 37. Rc2 Qa4 38. Be4 Qc4 39. d6 Kf7 40. Bd5+ Qxd5 41. Rxd5 Ke6 42. Re5+ 1-0

[Event "*** Titled Tuesday Blitz"]
[Site "Chess.com"]
[Date "2021.02.02"]
[Round "5"]
[White "Oligan22"]
[Black "kekic76"]
[Result "1-0"]
[WhiteElo "2524"]
[BlackElo "2378"]
[TimeControl "180+1"]
[EndTime "10:57:46 PST"]
[Termination "Oligan22 won on time"]

1. e4 e6 2. d4 d5 3. Nd2 dxe4 4. Nxe4 Nd7 5. Nf3 Ngf6 6. Bd3 Be7 7. Qe2 b6 8. Nxf6+ Nxf6 9. Ne5 Bb7 10. Bb5+ Kf8 11. Nc6 Qd5 12. Nxe7 Kxe7 13. Be3 Qxg2 14. Rf1 Qf3 15. Qc4 c6 16. Qb4+ Kd7 17. Be2 Qd5 18. c4 Qa5 19. Qxa5 bxa5 20. Rg1 g6 21. O-O-O a4 22.
Bf4 Rhe8 23. Be5 1-0

[Event "*** Titled Tuesday Blitz"]
[Site "Chess.com"]
[Date "2021.02.02"]
[Round "5"]
[White "Smirnov_Pavel"]
[Black "azikom"]
[Result "1-0"]
[WhiteElo "2877"]
[BlackElo "2664"]
[TimeControl "180+1"]
[EndTime "10:57:47 PST"]
[Termination "Smirnov_Pavel won on time"]

1. d4 d5 2. c4 c6 3. cxd5 cxd5 4. Bf4 Nf6 5. e3 Nc6 6. Nc3 a6 7. Be2 h6 8. h3 Bf5 9. Nf3 e6 10. Qb3 Ra7 11. O-O Be7 12. Ne5 Nxe5 13. Bxe5 O-O 14. Rfc1 Nd7 15. Bg3 Qb6 16. Na4 Qxb3 17. axb3 Bd8 18.
Bd6 Re8 19. Rc8 Nf6 20. g4 Bg6 21. Rac1 b5 22. Nc5 Bb6 23. Rc6 Bxc5 24. Bxc5 Raa8 25. Ra1 a5 26. Bxb5 Reb8 27. Ba4 Bc2 28. Bd6 Rc8 29. Rxc8+ Rxc8 30. Rc1 Ne4 31. Be5 f6 32. Bd7 Rd8 33. Bxe6+ Kf8 34. Bc7 Re8 35. Bxd5 Bd3 36. Bxa5 Ng5 37.
Bb4+ 1-0

[Event "*** Titled Tuesday Blitz"]
[Site "Chess.com"]
[Date "2021.02.02"]
[Round "5"]
[White "IMJonathanCarlstedt"]
[Black "kingofthenil"]
[Result "0-1"]
[WhiteElo "2483"]
[BlackElo "2661"]
[TimeControl "180+1"]
[EndTime "10:57:47 PST"]
[Termination "kingofthenil won by checkmate"]

1. d4 Nf6 2. Bf4 d5 3. e3 c5 4. c3 Nc6 5. Nd2 Bf5 6. Ngf3 cxd4 7. exd4 e6 8. Qb3 Bd6 9. Bxd6 Qxd6 10. Bb5 O-O 11.
O-O Na5 12. Qa4 Qc7 13. Ne5 a6 14. Bd3 b5 15. Qc2 Bxd3 16. Nxd3 Rab8 17. a4 b4 18. Rfc1 Rfc8 19. Nc5 Qd6 20. Qd3 bxc3 21. bxc3 Rb6 22. Rab1 Rbc6 23. Nf3 h6 24. h3 Nc4 25. Rb7 Rxc5 26.
dxc5 Qxc5 27. Rcb1 Ne4 28. Qd4 Qd6 29. Rd1 Qc6 30.
Qa7 Rf8 31. Nd4 Qxa4 32. Nxe6 Qxd1+ 33. Kh2 Ncd2 34. Nxf8 Nf1+ 35. Kg1 Nfg3+ 36. Kh2 Qh1# 0-1

[Event "*** Titled Tuesday Blitz"]
[Site "Chess.com"]
[Date "2021.02.02"]
[Round "5"]
[White "MasterSonnevanck23"]
[Black "SkippingLaptop"]
[Result "1-0"]
[WhiteElo "2372"]
[BlackElo "2080"]
[TimeControl "180+1"]
[EndTime "10:57:47 PST"]
[Termination "MasterSonnevanck23 won by checkmate"]

1. d4 Nf6 2. c4 g6 3. Nc3 d5 4. cxd5 Nxd5 5. e4 Nxc3 6. bxc3 Bg7 7. Qa4+ Nd7 8. Nf3 O-O 9. Be2 c5 10. O-O b6 11. Bg5 Bb7 12. e5 f6 13. exf6 exf6 14.
Bf4 Re8 15. Bb5 Bxf3 16. gxf3 g5 17. Bxd7 Re7 18. Bc6 gxf4 19. Bxa8 Qxa8 20. Qc4+ Kh8 21. Qd3 cxd4 22. cxd4 f5 23. Rae1 Rd7 24. Qxf5 Qd8 25. Re4 Bxd4 26. Rfe1 Bxf2+ 27. Kxf2 Rd2+ 28. R1e2 Qh4+ 29. Kg2 Rd8 30. Re8+ Rxe8 31. Rxe8+ Kg7 32. Qe5+ Kg6 33. Rg8+ Kh6 34. Qg7+ Kh5 35. Qxh7# 1-0

[Event "*** Titled Tuesday Blitz"]
[Site "Chess.com"]
[Date "2021.02.02"]
[Round "5"]
[White "sopo-tereladze"]
[Black "zimmm36"]
[Result "0-1"]
[WhiteElo "2294"]
[BlackElo "2079"]
[TimeControl "180+1"]
[EndTime "10:57:50 PST"]
[Termination "zimmm36 won by resignation"]

1. d4 c6 2. Nf3 d5 3. Bf4 Nf6 4. e3 e6 5. Bd3 Bd6 6. O-O Qc7 7.
Nbd2 Bxf4 8. exf4 Qxf4 9. Re1 Nbd7 10. c3 O-O 11. Ne5 g6 12. Ndf3 Qh6 13. Qe2 Qg7 14.
a4 c5 15. b3 cxd4 16. cxd4 Nxe5 17. dxe5 Nd7 18. Rac1 Rd8 19. Rc7 b6 20. Bb5 Nc5 21.
b4 Ne4 22. Bc6 Rb8 23. Rxa7 g5 24. h3 g4 25. hxg4 Qxg4 26. Nd4 Qg5 27. a5 bxa5 28. bxa5 Kh8 29. Rxf7 Rg8 30. Qf3 Rb2 31. Rf1 Ba6 32. Nxe6 Qxe5 33. Qh3 Nf6 34. Nf8 Rxf8 35. Rxf8+ Kg7 36.
Qc8 Bxc8 0-1

[Event "*** Titled Tuesday Blitz"]
[Site "Chess.com"]
[Date "2021.02.02"]
[Round "5"]
[White "motivated_bishop"]
[Black "NateSolon"]
[Result "0-1"]
[WhiteElo "2388"]
[BlackElo "2542"]
[TimeControl "180+1"]
[EndTime "10:57:51 PST"]
[Termination "NateSolon won by resignation"]

1. d4 d5 2. c4 c6 3. cxd5 cxd5 4. Bf4 Nc6 5. e3 Nf6 6. Nc3 a6 7. Be2 Bf5 8. Nf3 e6 9. O-O Bd6 10. Bxd6 Qxd6 11. Qb3 b5 12. Rfc1 O-O 13. a4 b4 14. Na2 Rab8 15. Ne1 Na5 16. Qd1 b3 17. Nc3 Rfc8 18. Nd3 Nc4 19. Rab1 h6 20. Qe1 Rc7 21.
Nd1 Ne4 22. Ra1 Rbc8 23. Qb4 Qxb4 24. Nxb4 a5 25. Na6 Rc6 26. f3 Rxa6 27. fxe4 Bxe4 28. Ra3 Bc2 29. Nc3 Rac6 30. Bxc4 Rxc4 31. Kf2 Rxc3 32. bxc3 b2 0-1

[Event "*** Titled Tuesday Blitz"]
[Site "Chess.com"]
[Date "2021.02.02"]
[Round "5"]
[White "wnstop"]
[Black "Love_craft"]
[Result "1-0"]
[WhiteElo "2746"]
[BlackElo "2512"]
[TimeControl "180+1"]
[EndTime "10:57:54 PST"]
[Termination "wnstop won by checkmate"]

1. e4 g6 2. d4 Bg7 3. Nc3 d6 4. g3 Nd7 5. Bg2 e5 6. Nge2 Ngf6 7. O-O c6 8. a4 a5 9. h3 O-O 10.
Be3 Qe7 11. Qd2 Re8 12. g4 Nb6 13. dxe5 Nfd7 14. exd6 Qf8 15. b3 f5 16. exf5 gxf5 17.
gxf5 Kh8 18. Rad1 Qxf5 19. Ng3 Qf7 20. Bd4 Rg8 21. Nce4 c5 22. Ng5 Qg6 23. Be4 Qe8 24. Bxg7+ Rxg7 25. Rfe1 Qg8 26. Nxh7 Rxh7 27. Bxh7 Qxh7 28.
Re8+ Kg7 29. Re7+ Kh8 30. Qc3+ Kg8 31. Rxh7 Kxh7 32. Re1 Nf8 33. Re7+ Kh6 34. Qg7# 1-0

[Event "*** Titled Tuesday Blitz"]
[Site "Chess.com"]
[Date "2021.02.02"]
[Round "5"]
[White "Chamal_Gedgafov"]
[Black "sorrm8thatscheckm8"]
[Result "0-1"]
[WhiteElo "2362"]
[BlackElo "2562"]
[TimeControl "180+1"]
[EndTime "10:57:55 PST"]
[Termination "sorrm8thatscheckm8 won on time"]

1. e4 c5 2. Nf3 Nc6 3. d4 cxd4 4. Nxd4 Nf6 5. Nc3 e5 6. Ndb5 d6 7. Bg5 a6 8. Na3 b5 9. Nd5 Be7 10. Bxf6 Bxf6 11. c4 b4 12. Nc2 O-O 13. Be2 Be6 14.
O-O a5 15. Qd3 Bg5 16. Rad1 g6 17. g3 f5 18. Bf3 f4 19. Qe2 Rb8 20. b3 h5 21. c5 Bh3 22. Rfe1 fxg3 23. hxg3 Qe8 24.
cxd6 Qf7 25. Rd3 Rbd8 26. Nb6 h4 27. Nc4 hxg3 28. fxg3 Be6 29. Nb6 Kg7 30. Bg2 Qa7 31. Ne3 Qxb6 32. Rc1 Nd4 33. Qd2 Rf3 0-1

[Event "*** Titled Tuesday Blitz"]
[Site "Chess.com"]
[Date "2021.02.02"]
[Round "5"]
[White "Sviridov_Valery"]
[Black "SlavenPastar"]
[Result "1-0"]
[WhiteElo "2941"]
[BlackElo "2636"]
[TimeControl "180+1"]
[EndTime "10:57:58 PST"]
[Termination "Sviridov_Valery won by checkmate"]

1. d4 b6 2. e4 Bb7 3. Bd3 Nf6 4. Nc3 e6 5. Nf3 Bb4 6. Qe2 d5 7. e5 Ne4 8. O-O Nxc3 9. bxc3 Bxc3 10. Ba3 Nc6 11. Rad1 Nxd4 12. Nxd4 Bxd4 13. Bb5+ c6 14. Bxc6+ Bxc6 15. Rxd4 Qc8 16. c4 Qb7 17. Qg4 O-O-O 18. Rc1 Kb8 19. Bd6+ Ka8 20. cxd5 Bxd5 21. Rc7 Qa6 22. Ra4 Qb7 23. Rxb7 Kxb7 24. Qxg7 Rhg8 25. Qxf7+ Kc6 26. Qc7+ Kb5 27. Rb4+ Ka6 28. Ra4+ Kb5 29.
Qxa7 Rxg2+ 30. Kf1 Ra8 31. Rb4+ Kc6 32. Qc7# 1-0

[Event "*** Titled Tuesday Blitz"]
[Site "Chess.com"]
[Date "2021.02.02"]
[Round "5"]
[White "klimkoj"]
[Black "imdvb6307"]
[Result "1-0"]
[WhiteElo "2558"]
[BlackElo "2373"]
[TimeControl "180+1"]
[EndTime "10:57:58 PST"]
[Termination "klimkoj won on time"]

1. d4 d5 2. c4 c6 3. Nf3 Nf6 4. Nc3 e6 5. e3 Nbd7 6. Qc2 Bd6 7. Bd3 O-O 8. O-O dxc4 9. Bxc4 e5 10. Rd1 Qe7 11. e4 exd4 12. Nxd4 Ne5 13. Be2 Neg4 14. h3 Nxf2 15. Kxf2 Qe5 16. Qd3 Bc5 17. Be3 Rd8 18.
b4 Bb6 19. Nf3 1-0

[Event "*** Titled Tuesday Blitz"]
[Site "Chess.com"]
[Date "2021.02.02"]
[Round "5"]
[White "JQuiroga18"]
[Black "Godzillator"]
[Result "1/2-1/2"]
[WhiteElo "2437"]
[BlackElo "2318"]
[TimeControl "180+1"]
[EndTime "10:57:58 PST"]
[Termination "Game drawn by agreement"]

1. e4 c6 2. d4 d5 3. Nc3 dxe4 4. Nxe4 Bf5 5. Ng3 Bg6 6. Nf3 e6 7. Bd3 Bxd3 8. Qxd3 Nf6 9. Bd2 Be7 10. O-O-O O-O 11. Kb1 c5 12. Rhe1 Nc6 13. Bg5 cxd4 14. Nxd4 Qxd4 15. Qxd4 Nxd4 16. Rxd4 Rad8 17. Red1 h6 18. Rxd8 Rxd8 19. Rxd8+ Bxd8 20. Bxf6 Bxf6 21. Ne4 Be7 22. c4 f5 23. Nc3 a6 24. a3 Kf7 25. b4 e5 26. Nd5 Bd6 27. c5 Bb8 28. Kc2 Ke6 29. Nb6 Bc7 30. Nc4 g5 31. Kd3 e4+ 32. Kd4 Bxh2 33.
Na5 Bg1 34. Ke3 Kd5 35. Nxb7 f4+ 36. Ke2 e3 37. fxe3 Bxe3 38. Nd8 h5 39. Nf7 g4 40. Ng5 Bc1 41. a4 Ba3 42. b5 axb5 43. axb5 Kxc5 44. Ne6+ Kxb5 45. Nxf4 h4 46. Ng6 h3 47. gxh3 gxh3 48. Kf3 Bd6 49. Nh4 Kc6 50. Nf5 Kd5 1/2-1/2